 Dungeon Crawl Stone Soup version 0.32-a0-814-g0968bab981 (webtiles) character file.

Game seed: 9415305632136729362

51 warriortoast the Ruffian (level 3, 0/24 HPs)
             Began as an Octopode Shapeshifter on Mar 22, 2024.
             Slain by a gnoll
             ... wielding a +0 spear
              (9 damage)
             ... on level 2 of the Dungeon.
             The game lasted 00:01:05 (423 turns).

warriortoast the Ruffian (Octopode Shapeshifter)     Turns: 423, Time: 00:01:05

Health: 0/24       AC:  1    Str: 15    XL:     3   Next: 81%
Magic:  3/3        EV: 12    Int: 12    God:
Gold:   69         SH:  0    Dex: 11    Spells: 2/2 levels left

rFire   . .          .
                       - Unarmed
rCold   . . .        (no shield)
rNeg    . . .        (helmet currently unavailable)
rPois   .            (no amulet)
rElec   .            (no ring)
rCorr   .            (no ring)
SInv    .            (no ring)
Will    .....        (no ring)
Stlth   +++          (no ring)
HPRegen 0.24/turn    (no ring)
MPRegen 0.08/turn    (no ring)
                     (no ring)

%: no passive effects
@: beast-form
A: beast (slay +1), almost no armour, amphibious, 8 rings, camouflage 1,
gelatinous body 1, (nimble swimmer 1), tentacles
a: Begin Untransformation


You were on level 2 of the Dungeon.
You were a hulking beast.
You visited 1 branch of the dungeon, and saw 2 of its levels.

You collected 69 gold pieces.

Inventory:

Jewellery
 g - a ring of magical power
Talismans
 b - a beast talisman (active)
 c - a flux talisman
Potions
 a - a potion of lignification
 d - a potion of experience {unknown}
 e - 2 potions of haste {unknown}
 f - a potion of attraction {unknown}


   Skills:
 + Level 1.9 Fighting
 - Level 2.0 Dodging
 + Level 2.2 Stealth
 + Level 3.4 Unarmed Combat
 + Level 3.3 Shapeshifting


You had 2 spell levels left.
You didn't know any spells.
Your spell library contained the following spells:

 Spells                   Type           Power      Damage    Failure   Level
 Call Imp                 Summ           0%         N/A       45%         2
 Sublimation of Blood     Necr           0%         N/A       45%         2
 Summon Hydra             Summ           0%         N/A       100%        7


Dungeon Overview and Level Annotations

Branches:
Dungeon (2/15)

Altars:


Innate Abilities, Weirdness & Mutations

You are a hulking beast.
Your limbs bulge with bestial killing power. (Slay +1)
You cannot wear most types of armour.
You are amphibious.
You can wear up to eight rings at the same time.
Your skin changes colour to match your surroundings (Stealth+).
Your rubbery body absorbs attacks. (AC +1, EV +1)
((You are camouflaged when in or above water. (Stealth+)))
You have tentacles for arms and can constrict up to eight enemies at once.


Message History

You barely miss the adder. Your grab misses the adder.
Your squeeze misses the adder. The adder closely misses you.
You tentacle-slap the adder. Your grab misses the adder.
The adder is heavily wounded.
The adder misses you.
You closely miss the adder. You grab the adder. Your squeeze misses the adder.
The adder is heavily wounded.
You constrict the adder. The adder bites you but does no damage.
You tentacle-slap the adder. You squeeze the adder.
You kill the adder!
The ribbon worm bites you but does no damage.
Items here: ) [ ††.
You tentacle-slap the ribbon worm. You grab the ribbon worm.
The ribbon worm is lightly wounded.
You constrict the ribbon worm. The ribbon worm closely misses you.
You tentacle-slap the ribbon worm. You squeeze the ribbon worm!
You kill the ribbon worm!
No target in view!
No target in view!
You now have 69 gold pieces (gained 16).
A gnoll comes into view. It is wielding a +0 spear.
A gnoll is nearby!
A gnoll is nearby!
A gnoll is nearby! 3 gnolls come into view.
The gnoll shouts! x3
The gnoll barely misses you.
The gnoll shouts!
The gnoll hits you with a +0 club. The gnoll barely misses you.
You tentacle-slap the gnoll. Your grab misses the gnoll.
Your squeeze misses the gnoll.
The gnoll is moderately wounded.
The gnoll barely misses you. The gnoll attacks as it pursues you!
The gnoll hits you with a +0 club.
The gnoll hits you from afar with a +0 spear.
The gnoll attacks as it pursues you! The gnoll closely misses you.
You barely miss the gnoll. You grab the gnoll. You constrict the gnoll.
The gnoll hits you with a +0 flail!
The gnoll hits you from afar with a +0 spear!
You die...

.........####
#.....
#####......##
##.#[##
#....#..###..#.##
#.##..#.....#..#.
##.###....####.##.
#..# ###..# #.##.
#.## ##.# ..#..
#.# #.# .##.# #h#
#.# #.# #g# #.. #
#####g##### ###
#...gg....#
#.........#
#.........#
#.........#
#....?......
#.........###


You could see 4 gnolls.

Vanquished Creatures
  2 adders (D:2)
  A ribbon worm (D:2)
  A dart slug (D:1)
  An orc (D:2)
  4 endoplasms
  A giant cockroach (D:2)
  A goblin (D:1)
  3 jackals (D:1)
  2 quokkas
  3 ball pythons
  A bat (D:2)
  3 frilled lizards
  A kobold (D:1)
  5 rats
29 creatures vanquished.

Notes
Turn   | Place    | Note
-------+----------+-------------------------------------------
     0 | D:1      | warriortoast the Octopode Shapeshifter began the quest for
                  | the Orb.
     0 | D:1      | Reached XP level 1. HP: 13/13 MP: 1/1
    80 | D:1      | Reached skill level 1 in Stealth
    80 | D:1      | Reached XP level 2. HP: 15/18 MP: 2/2
   327 | D:2      | Reached XP level 3. HP: 23/23 MP: 3/3
   423 | D:2      | Slain by a gnoll

Illustrated notes

Levels and vault maps discovered:
D:1:      tarquinn_simple_flora_water_e, layout_rooms
D:2:      layout_rooms

Skill      XL: |  1  2  3 |
---------------+----------+-----
Stealth        | 1 2 |  2.2
Fighting       | |  1.9
Dodging        | |  2.0
Unarmed Combat | |  3.4
Shapeshifting  | |  3.3

Action                     || total
---------------------------++-------
  Melee: Unarmed           ||    51
         Constrict         ||    12
         Tentacles         ||     9
         Punch             ||     1
   Stab: Sleeping          ||     2
 Armour: Skin              ||    20
  Dodge: Dodged            ||    24

Table legend: (Time is in decaauts)
 A = Elapsed time spent in this place.
 B = Non-inter-level travel time spent in this place.
 C = Inter-level travel time spent in this place.
 D = Time resting spent in this place.
 E = Time spent auto-exploring this place.
 F = Levels seen in this place.
 G = Mean time per level.
                   A        B        C        D        E       F      G
               +--------+--------+--------+--------+--------+-----+--------+
         Total |    420 |    411 |      9 |      0 |    270 |   2 |  210.0 |
       Dungeon |    420 |    411 |      9 |      0 |    270 |   2 |  210.0 |
               +--------+--------+--------+--------+--------+-----+--------+

Top non-repeatable levels by time:
     D:1: 272 daAuts
     D:2: 147 daAuts
